 Seeded DCSS version 0.30.1-5-ged363bc7ee (webtiles) character file.

Game seed: 69 (custom seed)

1008 Psyclone the Tainter (level 8, -6/41 HPs)
             Began as a Deep Elf Venom Mage on Sept 19, 2023.
             Was an Initiate of Vehumet.
             Mangled by an ice beast (14 damage)
             ... on level 5 of the Dungeon.
             The game lasted 00:17:26 (6456 turns).

Psyclone the Tainter (Deep Elf Venom Mage)          Turns: 6456, Time: 00:17:27

Health: -6/41      AC:  5    Str:  5    XL:     8   Next: 1%
Magic:  12/19      EV: 15    Int: 23    God:    Vehumet [......]
Gold:   249        SH:  5    Dex: 15    Spells: 12/19 levels left

rFire   . . .        m - +1 club (spect)
rCold   . . .        (no shield)
rNeg    . . .        a - +0 robe
rPois   .            (no helmet)
rElec   .            z - +0 cloak
rCorr   .            (no gloves)
SInv    .            y - +1 pair of boots
Will    .....        n - amulet of reflection
Stlth   ++           (no ring)
HPRegen 0.26/turn    (no ring)
MPRegen 0.16/turn

%: reflection
@: no status effects
A: no striking features
a: Renounce Religion


You were on level 5 of the Dungeon.
You worshipped Vehumet.
Vehumet was noncommittal.
You visited 2 branches of the dungeon, and saw 6 of its levels.
You also visited: Sewer.

You collected 249 gold pieces.

Inventory:

Hand Weapons
 j - a +0 dagger
 m - a +1 spectral club (weapon)
 A - a +1 short sword of speed
 B - a +1 dagger of electrocution
Armour
 a - a +0 robe (worn)
 k - a +0 pair of boots
 y - a +1 pair of boots (worn)
 z - a +0 cloak (worn)
Jewellery
 n - an amulet of reflection (around neck)
 v - a ring of fire
Scrolls
 c - 2 scrolls of poison {unknown}
 d - 3 scrolls of teleportation {unknown}
 e - 4 scrolls of amnesia {unknown}
 l - 4 scrolls of noise {unknown}
 o - a scroll of enchant weapon {unknown}
 p - 3 scrolls of identify {unknown}
 q - a scroll of butterflies {unknown}
 u - a scroll of vulnerability {unknown}
Potions
 b - 3 potions of magic
 f - 2 potions of flight {unknown}
 g - a potion of might {unknown}
 h - 2 potions of degeneration {unknown}
 i - a potion of berserk rage {unknown}
 r - 3 potions of cancellation {unknown}
 s - 2 potions of curing {unknown}
 t - 4 potions of haste {unknown}
 w - 4 potions of heal wounds
 x - a potion of mutation {unknown}


   Skills:
 + Level 6.1 Dodging
 - Level 2.4 Stealth
 - Level 6.0 Spellcasting
 - Level 1.1 Transmutations
 - Level 8.2 Poison Magic


You had 12 spell levels left.
You knew the following spells:

 Your Spells              Type           Power      Damage    Failure   Level
a - Poisonous Vapours     Pois/Air       50%        N/A       2%          2
v - Sting                 Tmut/Pois      100%       1d8       1%          1
x - Olgreb's Toxic Radia  Pois           44%        N/A       2%          4

Your spell library contained the following spells:

 Spells                   Type           Power      Damage    Failure   Level
 Mephitic Cloud           Conj/Pois/Air  19%        N/A       9%          3
 Stone Arrow              Conj/Erth      12%        3d7       26%         3
 Animate Armour           Summ/Erth      12%        N/A       63%         4
 Lehudib's Crystal Spear  Conj/Erth      3%         10d2      100%        8


Dungeon Overview and Level Annotations

Branches:
Dungeon (5/15) Zot: 24101  Temple (1/1) D:5 Zot: 5850   Sewer (visited)

Altars:
Ashenzari
Cheibriados
Elyvilon
Fedhas
Gozag
Hepliaklqana
Makhleb
Okawaru
Qazlal
Sif Muna
Trog
Uskayaw
Vehumet
Wu Jian
Xom
Yredelemnul
Zin
The Shining One

Shops:
D:4 :   D:5 *

Annotations:
D:2 exclusion: downstairs
D:4 1 runed translucent door, gohan83's ghost, amateur TeHW


Message History

You closely miss the ice beast.
The ice beast is lightly wounded.
Your +1 spectral club hits the ice beast but does no damage.
The ice beast hits you. The ice beast freezes you!
You take 15 damage, and have 15/41 hp.
MASSIVE DAMAGE!!
You hit the ice beast but do no damage.
The ice beast is lightly wounded.
Your +1 spectral club hits the ice beast but does no damage.
The ice beast barely misses you.
You hit the ice beast but do no damage.
The ice beast is lightly wounded.
Your +1 spectral club hits the ice beast.
The ice beast barely misses you. The ice beast hits you.
The ice beast freezes you!
* * * LOW HITPOINT WARNING * * *
You take 9 damage, and have 7/41 hp.
MASSIVE DAMAGE!!
You feel much better.
Your +1 spectral club disappears.
The ice beast hits you. The ice beast freezes you!
You regained 21 hp, and now have 28/41 hp.
Casting: Olgreb's Toxic Radiance (dangerous; 2% risk of failure)
Confirm with . or Enter, or press ? or * to list all spells.
Aiming: Poisonous Vapours (safe; 2% risk of failure)
Press: ? - help, Dir - move target, f - quokka
Aim: a quokka Poisonous vapours surround the quokka!
The quokka is poisoned.
The quokka bites you. The quokka misses you. The ice beast closely misses you.
You take 2 damage, and have 26/41 hp.
You now have 12/19 mp.
You hit the ice beast.
The ice beast is moderately wounded.
The quokka bites you but does no damage.
The ice beast hits you. The ice beast freezes you!
* * * LOW HITPOINT WARNING * * *
You take 14 damage, and have 12/41 hp.
MASSIVE DAMAGE!!
You hit the ice beast but do no damage.
The ice beast is lightly wounded.
You block the quokka's attack. The ice beast hits you.
* * * LOW HITPOINT WARNING * * *
The ice beast freezes you!
You die...

.........<......#.......h.
......#..8......#.......g. #..
.##.###.........#........ ....
.##.###.........#.....# .....
......................# .....
..#+#...........##..#.# #.g..#
.....................###...... .
..................#...#...# .#
...............r@..#.....# ..##
#.#............Y#####.>.#####g...
....##.............#.....#.......
#.#..#.###+#......#...#...#......
..#.....#............###.........
###.##........####..#.#.#........
###..#......# ###...#gY........
##.#......# #.....#...##.....
#.......####....))g..# .....


You could see an ice beast and a quokka (poisoned).

Vanquished Creatures
  2 ogres
  A phantom (D:5)
  A kobold brigand (Sewer)
  A gnoll bouda (D:4)
  2 hounds (D:5)
  4 orc priests
  Jessica (D:2)
  Natasha (thrice) (D:4)
  2 iguanas
  2 orc wizards (D:3)
  5 gnolls
  7 adders
  2 river rats (D:5)
  2 ufetubi
  A worm (D:5)
  3 dart slugs
  12 orcs
  12 bats
  4 endoplasms
  6 giant cockroaches
  4 goblins
  13 hobgoblins
  10 jackals
  6 quokkas
  8 ball pythons
  5 frilled lizards
  17 kobolds
  9 rats
145 creatures vanquished.

Notes
Turn   | Place    | Note
-------+----------+-------------------------------------------
     0 | D:1      | Psyclone the Deep Elf Venom Mage began the quest for the
                  | Orb.
     0 | D:1      | Reached XP level 1. HP: 10/10 MP: 6/6
   306 | D:1      | Reached XP level 2. HP: 13/15 MP: 5/8
   315 | D:1      | Reached skill level 4 in Poison Magic
   329 | D:1      | Learned a level 2 spell: Poisonous Vapours
  1145 | D:1      | Found a faded altar of an unknown god.
  1632 | D:2      | Reached XP level 3. HP: 19/19 MP: 4/9
  1873 | D:2      | Reached skill level 5 in Poison Magic
  2070 | D:2      | Noticed Jessica
  2075 | D:2      | Killed Jessica
  2076 | D:2      | Reached XP level 4. HP: 24/24 MP: 1/10
  2901 | D:3      | Reached skill level 6 in Poison Magic
  3084 | D:2      | Learned a level 4 spell: Olgreb's Toxic Radiance
  3117 | D:3      | Reached XP level 5. HP: 28/28 MP: 2/11
  3267 | D:3      | Reached skill level 7 in Poison Magic
  3757 | D:3      | Reached XP level 6. HP: 27/32 MP: 4/12
  3965 | D:3      | Found a bloodstained altar of Trog.
  4413 | D:4      | Reached skill level 8 in Poison Magic
  4491 | D:4      | Found a runed translucent door.
  4491 | D:4      | Noticed gohan83's ghost (amateur TeHW)
  4881 | D:4      | Found Habibouru's Book Boutique.
  4961 | D:4      | Noticed Natasha
  4966 | D:4      | Killed Natasha
  4971 | D:4      | Reached XP level 7. HP: 28/36 MP: 2/15
  4976 | D:4      | Reached skill level 5 in Spellcasting
  4986 | D:4      | Noticed Natasha
  4998 | D:4      | Killed Natasha
  5255 | D:4      | Noticed Natasha
  5261 | D:4      | Killed Natasha
  5325 | D:5      | Entered Level 5 of the Dungeon
  5723 | D:5      | Found a glowing drain.
  5739 | Sewer    | Entered a sewer
  5766 | Sewer    | Reached skill level 5 in Dodging
  6252 | D:5      | Found Siaroal's Assorted Antiques.
  6269 | D:5      | Found a staircase to the Ecumenical Temple.
  6278 | Temple   | Entered the Ecumenical Temple
  6354 | Temple   | Became a worshipper of Vehumet
  6442 | D:5      | Reached XP level 8. HP: 28/41 MP: 11/19
  6456 | D:5      | Mangled by an ice beast

Illustrated notes

Levels and vault maps discovered:
D:1:      minmay_arrival_nine_rooms, layout_basic,
          dreamdust_ecumenical_altar_sealed_demon
D:2:      layout_loops_ring, minivault_11, uniq_jessica
D:3:      layout_loops_cross, mainiacjoe_overflow_catwalk, serial_bayou_pond_a
D:4:      layout_basic, serial_shops, shop, hellmonk_ghost_happy_afterlife,
          uniq_natasha
D:5:      layout_basic, mainiacjoe_overflow_two_lobes,
          minmay_temple_entry_arrows, lightli_sewer_entry_pipes, serial_shops,
          nicolae_shop_statue_plus
Temple:   minmay_temple_bridge_d

Skill      XL: |  1  2  3  4  5  6  7 |
---------------+----------------------+-----
Poison Magic   | 4 5 6 7 8 |  8.2
Spellcasting   | 4 6 |  6.0
Dodging        | 6 |  6.1
Stealth        | |  2.4
Transmutations | |  1.1

Action                     |  1- 3 |  4- 6 |  7- 9 || total
---------------------------+-------+-------+-------++-------
  Melee: Unarmed           |    13 |       |       ||    13
         Dagger            |    31 |       |       ||    31
         Punch             |     1 |       |       ||     1
         Club              |       |    71 |    69 ||   140
   Cast: Sting             |    21 |       |     2 ||    23
         Poisonous Vapours |    51 |    69 |    33 ||   153
         Olgreb's Toxic Ra |       |     8 |     9 ||    17
    Use: Potion            |       |       |     2 ||     2
   Stab: Sleeping          |       |     1 |       ||     1
         Distracted        |       |       |     1 ||     1
 Armour: Robe              |    17 |    13 |     8 ||    38
  Dodge: Dodged            |    62 |    46 |    46 ||   154
  Block: Other             |       |    15 |    15 ||    30
